 Dungeon Crawl Stone Soup version 0.24-a0-462-ge24419a6ad (console) character file.

Game seed: 4559141064840826000

1663 Lexodia the Insei (level 9, -6/79 HPs)
             Began as a Gnoll Transmuter on July 1, 2019.
             Was a Believer of Okawaru.
             Mangled by an orc warrior
             ... wielding a +0 glaive
              (23 damage)
             ... on level 6 of the Dungeon.
             The game lasted 00:15:51 (5178 turns).

Lexodia the Insei (Gnoll Transmuter)                Turns: 5178, Time: 00:15:51

Health: -6/79      AC:  6    Str: 14      XL:     9   Next: 1%
Magic:  23/27      EV: 13    Int: 18      God:    Okawaru [**....]
Gold:   213        SH:  0    Dex: 13 (15) Spells: 5/20 levels left

rFire    x . .     SeeInvis .     - Unarmed
rCold    + + +     Gourm    .   (shield currently unavailable)
rNeg     . . .     Faith    .   (armour currently unavailable)
rPois    +         Spirit   .   (helmet currently unavailable)
rElec    .         Reflect  .   (cloak currently unavailable)
rCorr    .         Harm     .   (gloves currently unavailable)
MR       .....                  (boots currently unavailable)
Stlth    ++........             (no amulet)
HPRegen  0.23/turn              i - ring of magical power
MPRegen  0.20/turn              B - ring of protection from cold

@: ice-form, very slightly contaminated
A: large, distributed training, strong nose
a: End Transformation, Heroism, Renounce Religion


You were on level 6 of the Dungeon.
You worshipped Okawaru.
Okawaru was pleased with you.
You were very hungry.
You were a creature of crystalline ice.
You visited 1 branch of the dungeon, and saw 6 of its levels.
You also visited: Ossuary.

You collected 213 gold pieces.

Inventory:

Hand Weapons
 f - a +1 short sword of flaming
 j - a +0 whip of venom
 k - a +3 scythe of freezing
 p - a +4 quarterstaff of chaos
Missiles
 a - 74 arrows
 g - 9 poisoned darts
 h - 187 stones (quivered)
Armour
 b - a +1 robe (melded)
 o - a +0 cloak (melded)
 D - a +0 pair of gloves (melded)
Jewellery
 i - a ring of magical power (left front paw)
 y - an uncursed ring of protection from cold
 A - a +4 ring of strength
 B - a ring of protection from cold (right front paw)
Wands
 c - a wand of polymorph (4)
 e - a wand of digging (5)
Scrolls
 l - 2 scrolls of magic mapping
 n - a scroll of amnesia
 q - a scroll of enchant weapon
 u - a scroll of identify
 v - a scroll of enchant armour
 w - a scroll of fear {unknown}
 C - 2 scrolls of teleportation
 E - 3 scrolls of remove curse
Potions
 m - 5 potions of curing
 r - 3 potions of flight
 s - a potion of haste {unknown}
 t - 3 potions of lignification {unknown}
 x - a potion of resistance {unknown}
 z - a potion of agility {unknown}
 F - a potion of brilliance {unknown}
 G - a potion of invisibility {unknown}
 H - 2 potions of magic {unknown}
Comestibles
 d - 12 rations


   Skills:
 + Level 4.5 Fighting
 + Level 3.7 Short Blades
 + Level 3.7 Long Blades
 + Level 3.7 Axes
 + Level 3.7 Maces & Flails
 + Level 3.7 Polearms
 + Level 3.7 Staves
 + Level 3.7 Slings
 + Level 3.7 Bows
 + Level 3.7 Crossbows
 + Level 3.7 Throwing
 + Level 3.7 Armour
 + Level 5.9 Dodging
 + Level 3.7 Stealth
 + Level 3.7 Shields
 + Level 7.6 Unarmed Combat
 + Level 6.3 Spellcasting
 + Level 3.0 Conjurations
 + Level 3.0 Hexes
 + Level 3.0 Charms
 + Level 3.0 Summonings
 + Level 3.0 Necromancy
 + Level 3.0 Translocations
 + Level 4.9 Transmutations
 + Level 3.0 Fire Magic
 + Level 3.0 Ice Magic
 + Level 3.0 Air Magic
 + Level 3.0 Earth Magic
 + Level 3.0 Poison Magic
 + Level 4.0 Invocations
 + Level 3.7 Evocations


You had 5 spell levels left.
You knew the following spells:

 Your Spells              Type           Power        Failure   Level  Hunger
a - Beastly Appendage     Tmut           ###...       1%          1    None
b - Sticks to Snakes      Tmut           ###.....     2%          2    None
c - Spider Form           Tmut/Pois      ###.......   7%          3    ##.....
d - Ice Form              Ice/Tmut       ###.....     22%         4    ####...
e - Blade Hands           Tmut           ###.......   38%         5    #####..

Your spell library contained the following spells:

 Spells                   Type           Power        Failure   Level  Hunger


Dungeon Overview and Level Annotations

Branches:
Dungeon (6/15)             Temple (0/1) D:6

Altars:
Elyvilon
Kikubaaqudgha
Okawaru
Uskayaw
Yredelemnul
The Shining One


Innate Abilities, Weirdness & Mutations

Your experience applies equally to all skills.
((You have very sharp teeth.))
Your uncanny sense of smell can sniff out nearby items.


Message History

Okawaru accepts your kill.
You have reached level 9!
Your experience leads to an increase in your attributes!
Your base attributes are Str 14, Int 17, Dex 15.
Increase (S)trength, (I)ntelligence, or (D)exterity?
You feel clever.
The orc warrior hits you with a +0 glaive.
* * * LOW HITPOINT WARNING * * *
Damage: -4%(-3hp) hp: 21%(16hp) Unknown command.
You hit the orc warrior but do no damage.
The orc warrior is lightly wounded.
The orc closely misses you.
You closely miss the orc warrior.
The orc warrior is lightly wounded.
The orc warrior barely misses you. The orc closely misses you.
You hit the orc warrior. You freeze the orc warrior.
The orc warrior is moderately wounded.
The orc warrior hits you with a +0 glaive!!
You die...

.... !# ##.... ...##.....
∆ ........... #
..#.#...#..#..####.#
..#.#......##.##Y.o##
......#....^#...o...#
.....##.............#
.....##.............##
............)........#
.....................###.
.....................#...∆
........................#
.......#.................


You could see an orc warrior and an orc.

Vanquished Creatures
  Sigmund (D:2)
  2 ice beasts (D:6)
  2 ogres
  2 centaurs (D:5)
  A howler monkey (D:4)
  3 crimson imps
  A quasit (D:6)
  2 hounds
  2 orc priests
  2 jellies
  Crazy Yiuf (D:2)
  2 bullfrog skeletons (D:5)
  Terence (D:3)
  Natasha (thrice) (D:2)
  7 big kobold zombies (Ossuary)
  2 hound skeletons (D:6)
  A mummy (Ossuary)
  4 gnolls (D:5)
  12 adders
  An adder zombie (D:6)
  A worm (D:4)
  3 dart slugs (D:2)
  3 leopard geckos
  16 orcs
  A spectral bat (Ossuary)
  6 giant cockroaches
  5 gnoll zombies (Ossuary)
  3 goblins
  5 hobgoblins
  10 jackals
  6 kobolds
  3 quokkas
  10 bats
  3 bat simulacra (Ossuary)
  10 frilled lizards
  A goblin simulacrum (Ossuary)
  5 goblin zombies (Ossuary)
  4 hobgoblin zombies (Ossuary)
  A jackal skeleton (D:6)
  2 kobold simulacra (Ossuary)
  5 kobold zombies (Ossuary)
  4 orc zombies (Ossuary)
  2 quokka skeletons (D:4)
  5 rats
  4 rat simulacra (Ossuary)
  4 spectral goblins (Ossuary)
  A spectral kobold (Ossuary)
  7 spectral rats (Ossuary)
182 creatures vanquished.

Notes
Turn   | Place    | Note
-------+----------+-------------------------------------------
     0 | D:1      | Lexodia the Gnoll Transmuter began the quest for the Orb.
     0 | D:1      | Reached XP level 1. HP: 17/17 MP: 6/6
    88 | D:1      | Reached XP level 2. HP: 19/23 MP: 7/7
   196 | D:1      | Learned a level 2 spell: Sticks to Snakes
   643 | D:2      | Reached skill level 5 in Spellcasting
   643 | D:2      | Reached XP level 3. HP: 15/28 MP: 6/9
   687 | D:2      | Reached skill level 1 in Invocations
   700 | D:2      | Huge Dmg: 1 dmg
   704 | D:2      | Huge Dmg: 1 dmg
   742 | D:2      | Learned a level 3 spell: Spider Form
   797 | D:2      | Huge Dmg: 6 dmg
   799 | D:2      | Huge Dmg: 2 dmg
  1141 | D:2      | Reached skill level 1 in Short Blades
  1141 | D:2      | Reached skill level 1 in Long Blades
  1141 | D:2      | Reached skill level 1 in Axes
  1141 | D:2      | Reached skill level 1 in Maces & Flails
  1141 | D:2      | Reached skill level 1 in Polearms
  1141 | D:2      | Reached skill level 1 in Staves
  1141 | D:2      | Reached skill level 1 in Slings
  1141 | D:2      | Reached skill level 1 in Bows
  1141 | D:2      | Reached skill level 1 in Crossbows
  1141 | D:2      | Reached skill level 1 in Throwing
  1141 | D:2      | Reached skill level 1 in Armour
  1141 | D:2      | Reached skill level 1 in Stealth
  1141 | D:2      | Reached skill level 1 in Shields
  1141 | D:2      | Reached skill level 1 in Evocations
  1167 | D:2      | Reached XP level 4. HP: 21/34 MP: 11/11
  1241 | D:2      | Learned a level 4 spell: Ice Form
  1266 | D:2      | Noticed Natasha
  1271 | D:2      | Killed Natasha
  1282 | D:2      | Noticed Sigmund
  1287 | D:2      | Huge Dmg: 8 dmg
  1288 | D:2      | Huge Dmg: 8 dmg
  1290 | D:2      | Huge Dmg: 10 dmg
  1291 | D:2      | Killed Sigmund
  1291 | D:2      | Reached skill level 1 in Conjurations
  1291 | D:2      | Reached skill level 1 in Hexes
  1291 | D:2      | Reached skill level 1 in Charms
  1291 | D:2      | Reached skill level 1 in Summonings
  1291 | D:2      | Reached skill level 1 in Necromancy
  1291 | D:2      | Reached skill level 1 in Translocations
  1291 | D:2      | Reached skill level 1 in Fire Magic
  1291 | D:2      | Reached skill level 1 in Ice Magic
  1291 | D:2      | Reached skill level 1 in Air Magic
  1291 | D:2      | Reached skill level 1 in Earth Magic
  1291 | D:2      | Reached skill level 1 in Poison Magic
  1291 | D:2      | Reached XP level 5. HP: 12/41 MP: 9/12
  1291 | D:2      | Reached XP level 6. HP: 13/47 MP: 9/13
  1326 | D:2      | Huge Dmg: 5 dmg
  1585 | D:2      | Noticed Natasha
  1591 | D:2      | Killed Natasha
  1680 | D:2      | Noticed Natasha
  1685 | D:2      | Killed Natasha
  1803 | D:2      | Reached skill level 5 in Dodging
  1859 | D:2      | Found a runed translucent door.
  1860 | D:2      | Noticed Crazy Yiuf
  1866 | D:2      | Killed Crazy Yiuf
  2043 | D:3      | Found an ancient bone altar of Kikubaaqudgha.
  2335 | D:3      | Noticed Terence
  2352 | D:3      | Killed Terence
  2364 | D:3      | Found an iron altar of Okawaru.
  2374 | D:3      | Became a worshipper of Warmaster Okawaru
  2434 | D:3      | Found a faded altar of an unknown god.
  2683 | D:4      | Found an iron altar of Okawaru.
  2733 | D:4      | Reached XP level 7. HP: 52/52 MP: 15/15
  2828 | D:4      | Found a basalt altar of Yredelemnul.
  2883 | D:4      | Found a white marble altar of Elyvilon.
  3176 | D:4      | Reached skill level 7 in Unarmed Combat
  3382 | D:5      | Entered Level 5 of the Dungeon
  3423 | D:5      | Learned a level 5 spell: Blade Hands
  3503 | D:5      | Found a glowing golden altar of the Shining One.
  3539 | D:5      | Huge Dmg: 12 dmg
  3542 | D:5      | Huge Dmg: 7 dmg
  3545 | D:5      | Reached * piety under Okawaru
  3683 | D:5      | Huge Dmg: 18 dmg
  3688 | D:5      | Reached XP level 8. HP: 23/60 MP: 16/16
  4269 | D:5      | Huge Dmg: 17 dmg
  4403 | D:6      | Found a sand-covered staircase.
  4413 | Ossuary  | Entered an ossuary
  4574 | Ossuary  | Huge Dmg: 12 dmg
  4839 | D:6      | Huge Dmg: 27 dmg
  4869 | D:6      | Reached ** piety under Okawaru
  4904 | D:6      | Found a hide-covered altar of Uskayaw.
  4924 | D:6      | Found a staircase to the Ecumenical Temple.
  5163 | D:6      | Huge Dmg: 13 dmg
  5165 | D:6      | Huge Dmg: 10 dmg
  5170 | D:6      | Huge Dmg: 8 dmg
  5175 | D:6      | Reached XP level 9. HP: 20/66 MP: 18/18
  5178 | D:6      | Mangled by an orc warrior

Levels and vault maps discovered:
D:1:      minmay_arrival_stone_box, layout_basic
D:2:      layout_basic, st_stairs_9, uniq_crazy_yiuf_cottage, uniq_sigmund,
          uniq_natasha
D:3:      layout_loops_ring, nicolae_overflow_crystal_walls,
          kiku_gazebo_garden_becter, chequers_ecumenical_altar_island,
          first_ration, minivault_23, uniq_terence
D:4:      layout_gridville, kennysheep_ying_yang, okawaru_metal_pillars_3
D:5:      layout_gridville, tso_altar
D:6:      layout_cave_pools, overflow_temple_1_default,
          minmay_temple_entry_statues_pillars,
          lightli_ossuary_entry_decrepit_ruins

Skill      XL: |  1  2  3  4  5  6  7  8 |
---------------+-------------------------+-----
Spellcasting   | 5 6 |  6.3
Invocations    | 1 2 3 4 |  4.0
Short Blades   | 1 2 3 |  3.7
Long Blades    | 1 2 3 |  3.7
Axes           | 1 2 3 |  3.7
Maces & Flails | 1 2 3 |  3.7
Polearms       | 1 2 3 |  3.7
Staves         | 1 2 3 |  3.7
Slings         | 1 2 3 |  3.7
Bows           | 1 2 3 |  3.7
Crossbows      | 1 2 3 |  3.7
Throwing       | 1 2 3 |  3.7
Armour         | 1 2 3 |  3.7
Stealth        | 1 2 3 |  3.7
Shields        | 1 2 3 |  3.7
Evocations     | 1 2 3 |  3.7
Fighting       | 3 4 |  4.5
Conjurations   | 1 2 3 |  3.0
Hexes          | 1 2 3 |  3.0
Charms         | 1 2 3 |  3.0
Summonings     | 1 2 3 |  3.0
Necromancy     | 1 2 3 |  3.0
Translocations | 1 2 3 |  3.0
Transmutations | 4 |  4.9
Fire Magic     | 1 2 3 |  3.0
Ice Magic      | 1 2 3 |  3.0
Air Magic      | 1 2 3 |  3.0
Earth Magic    | 1 2 3 |  3.0
Poison Magic   | 1 2 3 |  3.0
Dodging        | 5 |  5.9
Unarmed Combat | 7 |  7.6

Action                   |  1- 3 |  4- 6 |  7- 9 || total
-------------------------+-------+-------+-------++-------
Melee: Unarmed           |    91 |    92 |   343 ||   526
       Bite              |     5 |     6 |    13 ||    24
       Kick              |     3 |       |       ||     3
       Headbutt          |     2 |       |     2 ||     4
       Punch             |       |       |     6 ||     6
Throw: Stone             |     9 |     3 |       ||    12
 Cast: Beastly Appendage |     4 |       |     1 ||     5
       Ice Form          |       |     3 |     7 ||    10
       Spider Form       |       |     5 |    10 ||    15
  Use: Scroll            |     1 |     3 |     9 ||    13
       Potion            |     1 |       |       ||     1
 Stab: Sleeping          |       |     5 |    13 ||    18
       Distracted        |       |       |     1 ||     1
  Eat: Chunk             |     1 |     6 |     9 ||    16
Armor: Robe              |    23 |     3 |    29 ||    55
       Skin              |       |     3 |    25 ||    28
Dodge: Dodged            |    92 |    71 |   231 ||   394

Table legend:
 A = Non-vault XP
 B = Vault XP
 C = Vault XP percentage of total XP
 D = Non-vault monster count
 E = Vault monster count
 F = Vault count percentage of total count
                 A         B        C        D         E       F
            +---------+---------+-------+---------+---------+-------
      Total |    1796 |     581 |  24.4 |     122 |      60 |  33.0
            +---------+---------+-------+---------+---------+-------
        D:1 |      29 |       0 |   0.0 |      18 |       0 |   0.0
        D:2 |     156 |     299 |  65.7 |      36 |       5 |  12.2
        D:3 |      42 |      36 |  46.2 |       8 |       1 |  11.1
        D:4 |     179 |       0 |   0.0 |      19 |       0 |   0.0
        D:5 |     768 |       0 |   0.0 |      26 |       0 |   0.0
        D:6 |     622 |       0 |   0.0 |      15 |       0 |   0.0
    Ossuary |       0 |     246 | 100.0 |       0 |      54 | 100.0
            +---------+---------+-------+---------+---------+-------
